 Dungeon Crawl Stone Soup version 0.29-a0-330-g52719c12eb (webtiles) character file.

Game seed: 16681585928121321845

6577 spiderkeys the Fighter (level 11, -1/99 HPs)
             Began as a Ghoul Abyssal Knight on Apr 13, 2022.
             Was a High Priest of Lugonu.
             Slain by a wolf (9 damage)
             ... led by Grum
             ... on level 10 of the Dungeon.
             The game lasted 00:15:52 (10284 turns).

spiderkeys the Fighter (Ghoul Abyssal Knight)      Turns: 10284, Time: 00:15:53

Health: -1/99      AC: 14    Str: 24    XL:     11   Next: 1%
Magic:  14/14      EV:  8    Int: 11    God:    Lugonu [*****.]
Gold:   531        SH:  0    Dex:  9    Spells: 10/10 levels left

rFire   + . .      SeeInvis +   b - +3 sling "Punk" {acid, rCorr}
rCold   + + .      Faith    .   (no shield)
rNeg    + + +      Spirit   .   i - +2 chain mail {rF+}
rPois   ∞          Reflect  .   (no helmet)
rElec   .          Harm     .   (no cloak)
rCorr   +          Rampage  .   (no gloves)
Will    .....                   n - +0 pair of boots
Stlth   ..........              (no amulet)
HPRegen 0.00/turn               l - ring of Scepticism {Contam rC+ Str+2 Int+6 SInv}
MPRegen 0.14/turn               (no ring)

@: inhibited regen
A: claws 1, cold resistance 1, negative energy resistance 3, inhibited
regeneration, torment resistance 2, devour on kill
a: Renounce Religion, Depart the Abyss, Bend Space, Banish, Corrupt, Enter the
Abyss


You were on level 10 of the Dungeon.
You worshipped Lugonu.
Lugonu was extremely pleased with you.
You visited 2 branches of the dungeon, and saw 11 of its levels.
You visited the Abyss 1 time.
You also visited: Sewer.

You collected 531 gold pieces.


Innate Abilities, Weirdness & Mutations

You are immune to poison.
You have sharp fingernails.
Your flesh is cold resistant. (rC+)
You are immune to negative energy. (rN+++)
You do not regenerate when monsters are visible.
You are immune to unholy pain and torment.
You thrive by killing the living.


   Skills:
 + Level 9.8 Fighting
 + Level 7.9 Axes
 - Level 5.0 Slings
 + Level 7.9 Armour
 - Level 1.0 Dodging
 + Level 5.9 Invocations


You had 10 spell levels left.
You didn't know any spells.
Your spell library contained the following spells:

 Spells                   Type           Power      Damage    Failure   Level
 Magic Dart               Conj           0%         1d3       91%         1
 Call Imp                 Summ           0%         N/A       97%         2
 Call Canine Familiar     Summ           0%         N/A       99%         3
 Mephitic Cloud           Conj/Pois/Air  0%         N/A       99%         3
 Portal Projectile        Hex/Tloc       0%         N/A       99%         3
 Leda's Liquefaction      Hex/Erth       0%         N/A       100%        4

Inventory:

Hand Weapons
 a - a +1 hand axe
 b - the +3 sling "Punk" (weapon) {acid, rCorr}
   (You found it on level 3 of the Dungeon)

   Any ammunition fired from it is coated in acid, damaging and corroding those
   it strikes.
   rCorr:     It protects you from acid and corrosion.
Missiles
 c - 264 stones
 g - 8 curare-tipped darts {=f}
 o - 22 poisoned darts
Armour
 e - a +0 robe
   (You found it on level 1 of the Dungeon)
 h - a +0 robe
   (You took it off an orc wizard on level 3 of the Dungeon)
 i - a +2 chain mail of fire resistance (worn)
   (You found it on level 1 of the Dungeon)
 n - a +0 pair of boots (worn)
   (You found it on level 8 of the Dungeon)
 s - a +0 ring mail
   (You found it on level 3 of the Dungeon)
 t - a +0 scale mail
   (You found it in a sewer)
 x - a +0 ring mail
   (You found it on level 3 of the Dungeon)
 I - a +0 plate armour
   (You found it on level 5 of the Dungeon)
 J - a +0 ring mail
   (You took it off Duvessa on level 5 of the Dungeon)
 K - a +0 robe
   (You took it off Dowan on level 5 of the Dungeon)
 Q - a +0 ring mail
   (You took it off a gnoll sergeant on level 6 of the Dungeon)
 S - a +0 robe
   (You took it off Sigmund on level 6 of the Dungeon)
 V - a +0 robe
   (You took it off a kobold on level 6 of the Dungeon)
 W - a +0 robe
   (You took it off a wight on level 6 of the Dungeon)
 X - a +0 robe
   (You took it off a wight on level 6 of the Dungeon)
 Y - a +0 robe
   (You took it off a wight on level 6 of the Dungeon)
 Z - a +0 robe
   (You found it on level 6 of the Dungeon)
Jewellery
 l - the ring of Scepticism (left claw) {Contam rC+ Str+2 Int+6 SInv}
   (You found it on level 2 of the Dungeon)

   [ring of intelligence]

   Str:       It affects your strength (+2).
   Int:       It affects your intelligence (+6).
   rC:        It protects you from cold.
   SInv:      It lets you see invisible.
   Contam:    It causes magical contamination when unequipped.
 R - a ring of resist corrosion
   (You found it on level 2 of the Dungeon)
Wands
 m - a wand of flame (27)
   (You took it off a kobold on level 7 of the Dungeon)
 F - a wand of paralysis (7)
   (You took it off Ijyb on level 4 of the Dungeon)
 N - a wand of digging (4)
   (You found it on level 5 of the Dungeon)
Scrolls
 d - a scroll of brand weapon
 f - 2 scrolls of amnesia
 j - a scroll of holy word {!r}
 p - 4 scrolls of enchant armour
 q - a scroll of blinking {!r}
 y - a scroll of fog
 A - a scroll of immolation {!r!r}
 C - a scroll of vulnerability {!r!r}
 O - 2 scrolls of enchant weapon
 P - 4 scrolls of teleportation {@r4}
Potions
 k - a potion of berserk rage {unknown}
 r - 6 potions of flight
 u - 2 potions of cancellation
 v - 2 potions of brilliance
 w - 2 potions of resistance
 z - 2 potions of degeneration {!q}
 B - 2 potions of haste {@q3}
 G - 2 potions of magic
 H - 2 potions of heal wounds {@q2}
 L - 2 potions of ambrosia {unknown}
 M - 5 potions of curing {unknown}
 T - 2 potions of attraction {unknown}
 U - a potion of mutation

Dungeon Overview and Level Annotations

Branches:
Dungeon (10/15)            Temple (1/1) D:5           Sewer (visited)
   Lair: D:8-11         Orc: D:9-12

Altars:
Vehumet

Shops:
D:5 *

Annotations:
D:9 Grum

##+######
#@.......
+?h......
#........
#........
#........
#####+###


You could see a wolf (corroded).


Message History

Grum hits you from afar with a +0 halberd!
* * * LOW HITPOINT WARNING * * *
The wolf bites you.
* * * LOW HITPOINT WARNING * * *
The wolf bites you but does no damage. 😱 HP[-15]
You take 15 damage, and now have 18/99 hp.
You feel much better. The wolf bites you but does no damage.
Grum hits you from afar with a +0 halberd.
* * * LOW HITPOINT WARNING * * *
The wolf bites you.
* * * LOW HITPOINT WARNING * * *
The wolf closely misses you. 😨 HP[+27]
You regained 27 hp, and now have 45/99 hp.
Okay, then.
Space bends around you!
You blink.
The wolf bites you but does no damage. 😨 HP[-2] MP[-1]
You take 2 damage, and now have 43/99 hp.
You lost 1 mp, and now have 13/14 mp.
The wolf barely misses you. The wolf completely misses you.
You climb downwards.
You hear the roar of battle.
There is an entrance to a bailey on this level.
Hurry and find it before the portal closes forever!
There is a stone staircase leading up here.
Fire: b) +3 sling "Punk" {acid, rCorr}
Press: ? - help, Q - select action, (/) - cycle Shift-Dir - straight line, f - wolf
Aim: a wolf (42% to hit)
You shoot a sling bullet.
The sling bullet hits the wolf but does no damage.
The wolf is splashed with acid.
The acid corrodes the wolf!
The wolf bites you but does no damage. The wolf barely misses you.
The wolf bites you but does no damage.
Fire: b) +3 sling "Punk" {acid, rCorr}
Press: ? - help, Q - select action, (/) - cycle Shift-Dir - straight line, f/p - wolf
Aim: a wolf (moderately wounded, covered in acid, 42% to hit)
You shoot a sling bullet.
The sling bullet barely misses the wolf.
The wolf bites you.
* * * LOW HITPOINT WARNING * * *
The wolf bites you!
* * * LOW HITPOINT WARNING * * *
😨 HP[-12]
You take 12 damage, and now have 31/99 hp.
Fire: b) +3 sling "Punk" {acid, rCorr}
Press: ? - help, Q - select action, (/) - cycle Shift-Dir - straight line, f/p - wolf
Aim: a wolf (moderately wounded, covered in acid, 42% to hit)
You shoot a sling bullet.
The sling bullet barely misses the wolf.
The wolf bites you.
* * * LOW HITPOINT WARNING * * *
The wolf barely misses you.
The wolf bites you but does no damage. 😨 HP[-4] MP[+1]
You take 4 damage, and now have 27/99 hp.
Your mp is fully restored (14).
Fire: b) +3 sling "Punk" {acid, rCorr}
Press: ? - help, Q - select action, (/) - cycle Shift-Dir - straight line, f/p - wolf
Aim: a wolf (moderately wounded, covered in acid, 42% to hit)
You shoot a sling bullet. The sling bullet hits the wolf!
The wolf is splashed with acid.
The wolf seems to be corroded for longer.
The wolf completely misses you. The wolf bites you.
* * * LOW HITPOINT WARNING * * *
The wolf bites you!
* * * LOW HITPOINT WARNING * * *
😱 HP[-10]
You take 10 damage, and now have 17/99 hp.
Fire: b) +3 sling "Punk" {acid, rCorr}
Press: ? - help, Q - select action, (/) - cycle Shift-Dir - straight line, f/p - wolf
Aim: a wolf (almost dead, covered in acid, 42% to hit)
You shoot a sling bullet. The sling bullet misses the wolf.
The wolf bites you but does no damage. x2
Fire: b) +3 sling "Punk" {acid, rCorr}
Press: ? - help, Q - select action, (/) - cycle Shift-Dir - straight line, f/p - wolf
Aim: a wolf (almost dead, covered in acid, 42% to hit)
You shoot a sling bullet.
The sling bullet closely misses the wolf.
The wolf bites you but does no damage. The wolf bites you.
* * * LOW HITPOINT WARNING * * *
The wolf bites you but does no damage. 😱 HP[-2]
You take 2 damage, and now have 15/99 hp.
Fire: b) +3 sling "Punk" {acid, rCorr}
Press: ? - help, Q - select action, (/) - cycle Shift-Dir - straight line, f/p - wolf
Aim: a wolf (almost dead, covered in acid, 42% to hit)
You shoot a sling bullet.
The sling bullet barely misses the wolf.
The wolf barely misses you. x2; The wolf bites you!
* * * LOW HITPOINT WARNING * * *
😱 HP[-7]
You take 7 damage, and now have 8/99 hp.
Fire: b) +3 sling "Punk" {acid, rCorr}
Press: ? - help, Q - select action, (/) - cycle Shift-Dir - straight line, f/p - wolf
Aim: a wolf (almost dead, covered in acid, 42% to hit)
You shoot a sling bullet.
The sling bullet barely misses the wolf.
The wolf bites you!
You die...

Skill      XL: |  1  2  3  4  5  6  7  8  9 10 |
---------------+-------------------------------+-----
Dodging        | 1 |  1.0
Armour         | 2 3 4 5 6 7 |  7.9
Axes           | 2 3 4 5 6 7 |  7.9
Fighting       | 4 5 7 8 9 |  9.8
Invocations    | 3 5 |  5.9
Slings         | 1 2 3 4 5 |  5.0

Action                   |  1- 3 |  4- 6 |  7- 9 | 10-12 || total
-------------------------+-------+-------+-------+-------++-------
Melee: Hand axe          |   109 |    27 |     5 |    59 ||   200
       Punch             |       |       |       |     1 ||     1
 Fire: Fustibalus        |       |   130 |   259 |   121 ||   510
Invok: Banish            |       |       |       |     4 ||     4
       Bend Space        |       |       |       |     3 ||     3
Evoke: Wand              |       |       |       |     2 ||     2
  Use: Potion            |       |     6 |     3 |     1 ||    10
       Scroll            |       |     7 |       |     5 ||    12
 Stab: Distracted        |     1 |       |       |       ||     1
Armor: Leather armour    |    30 |       |       |       ||    30
       Chain mail        |    37 |   151 |   147 |   168 ||   503
Dodge: Dodged            |    83 |    62 |    91 |   113 ||   349

Levels and vault maps discovered:
D:1:      evilmike_arrival_rings, layout_basic, ebering_ecumenical_altar_ruins
D:2:      layout_rooms, serial_bayou, serial_bayou_shore_a, serial_bayou_lake_a,
          serial_bayou_lagoon_a, serial_bayou_crossing, serial_bayou_pond_b,
          serial_bayou_shore_b
D:3:      layout_loops_ring, portal_sewer_entry_a, minmay_goblin_outpost
D:4:      layout_loops_ring, uniq_ijyb, uniq_eustachio
D:5:      layout_basic, minmay_temple_entry_grid, nicolae_elemental_shop,
          minmay_misc_feat_x, uniq_duvessa
D:6:      layout_loops_ring, uniq_sigmund
D:7:      layout_cave_pools, vehumet_altar_wand_db
D:8:      layout_cave_pools, hangedman_decor_peaks_small, kennysheep_kite_vault
D:9:      layout_grid_maze, uniq_grum
D:10:     layout_roguey, orc_0_dummy, enter_bailey_8
Temple:   roderic_octagonal_lattice_temple

Notes
Turn   | Place    | Note
-------+----------+-------------------------------------------
     0 | Abyss:1  | spiderkeys the Ghoul Abyssal Knight began the quest for the
                  | Orb.
     0 | Abyss:1  | Reached XP level 1. HP: 19/19 MP: 1/1
     0 | Abyss:1  | magus.rc [v1.11.3]
    84 | D:1      | You pass through the gate.
    84 | D:1      | Escaped the Abyss
   265 | D:1      | Reached skill level 1 in Dodging
   286 | D:1      | Found a faded altar of an unknown god.
   433 | D:1      | Reached skill level 2 in Armour
   433 | D:1      | Reached XP level 2. HP: 26/26 MP: 2/2
   435 | D:1      | Reached skill level 2 in Axes
   819 | D:1      | Reached XP level 3. HP: 30/31 MP: 3/3
  1406 | D:2      | Reached *** piety under Lugonu
  1598 | D:2      | Reached XP level 4. HP: 40/40 MP: 5/5
  1633 | D:2      | Reached skill level 4 in Fighting
  1768 | D:2      | Identified the ring of Scepticism {Contam rC+ Str+2 Int+6
                  | SInv}
  1770 | D:2      | You fall into a shaft and drop 1 floor!
  1837 | D:3      | Found the +3 sling "Punk" {acid, rCorr}
  1985 | D:3      | Found a glowing drain.
  1993 | D:3      | Reached skill level 3 in Invocations
  2004 | Sewer    | Entered a sewer
  2050 | Sewer    | Noticed Pargi
  2058 | Sewer    | Killed Pargi
  2059 | Sewer    | Reached skill level 1 in Slings
  2059 | Sewer    | Reached XP level 5. HP: 30/47 MP: 6/6
  2207 | Sewer    | Reached skill level 3 in Axes
  2235 | Sewer    | Reached skill level 3 in Armour
  2439 | D:3      | Reached XP level 6. HP: 42/45 MP: 7/7
  2574 | D:3      | Reached **** piety under Lugonu
  3501 | D:4      | Noticed Eustachio
  3510 | D:4      | Killed Eustachio
  3511 | D:4      | Reached skill level 5 in Fighting
  3511 | D:4      | Reached skill level 2 in Slings
  3511 | D:4      | Reached XP level 7. HP: 34/61 MP: 8/8
  3578 | D:4      | Noticed Ijyb
  3583 | D:4      | Paralysed by Ijyb for 7 turns
  3591 | D:4      | Killed Ijyb
  3769 | D:5      | Entered Level 5 of the Dungeon
  3798 | D:5      | Found a staircase to the Ecumenical Temple.
  3930 | D:5      | Noticed Duvessa
  3930 | D:5      | Noticed Dowan
  3936 | D:5      | Killed Duvessa
  3949 | D:5      | Killed Dowan
  3950 | D:5      | Reached skill level 4 in Axes
  3950 | D:5      | Reached skill level 4 in Armour
  4408 | D:5      | Found Coeweuwn's Elemental Accessories.
  4423 | D:5      | Reached skill level 3 in Slings
  4499 | D:5      | Reached XP level 8. HP: 64/70 MP: 9/9
  4622 | D:5      | You pick up a book of Minor Magic and begin reading...
  4622 | D:5      | You add the spells Magic Dart, Call Imp and Mephitic Cloud
                  | to your library.
  4635 | D:5      | Reached skill level 6 in Fighting
  4927 | D:6      | Reached skill level 4 in Slings
  4967 | D:6      | Reached skill level 5 in Axes
  4967 | D:6      | Reached skill level 5 in Armour
  5055 | D:6      | Noticed Sigmund
  5084 | D:6      | Killed Sigmund
  5085 | D:6      | Reached skill level 7 in Fighting
  5085 | D:6      | Reached XP level 9. HP: 58/79 MP: 10/10
  5192 | D:6      | Really attack while wielding the +3 sling "Punk" {acid,
                  | rCorr}?
  5192 | D:6      | Really attack while wielding the +3 sling "Punk" {acid,
                  | rCorr}?
  5192 | D:6      | Really attack while wielding the +3 sling "Punk" {acid,
                  | rCorr}?
  5192 | D:6      | Really attack while wielding the +3 sling "Punk" {acid,
                  | rCorr}?
  5679 | D:6      | Reached ***** piety under Lugonu
  6112 | D:6      | Reached skill level 5 in Slings
  6734 | D:7      | Reached skill level 6 in Armour
  6916 | D:7      | Found a radiant altar of Vehumet.
  6922 | D:7      | Reached skill level 6 in Axes
  7186 | D:7      | Reached skill level 8 in Fighting
  7609 | D:8      | Reached XP level 10. HP: 51/90 MP: 11/11
  8093 | D:8      | Reached skill level 7 in Armour
  8102 | D:8      | Noticed a manticore
  8107 | D:8      | Banished a manticore
  8108 | D:8      | Reached skill level 7 in Axes
  8108 | D:8      | Reached skill level 4 in Invocations
  8287 | D:8      | Reached skill level 9 in Fighting
  8287 | D:8      | Noticed a two-headed ogre
  8569 | D:7      | HP: 21/91 [bullfrog (3)]
  9018 | Temple   | Entered the Ecumenical Temple
  9101 | D:8      | Banished a two-headed ogre
  9135 | D:8      | Reached skill level 5 in Invocations
  9616 | D:8      | You pick up a book of the Hunter and begin reading...
  9616 | D:8      | You add the spells Call Canine Familiar, Portal Projectile
                  | and Leda's Liquefaction to your library.
  9843 | D:9      | Noticed a two-headed ogre
  9848 | D:9      | Killed a two-headed ogre
  9897 | D:9      | Reached XP level 11. HP: 99/99 MP: 14/14
 10267 | D:9      | Noticed Grum
 10272 | D:9      | HP: 24/99 [Grum/+0 halberd (9)]
 10276 | D:10     | Entered Level 10 of the Dungeon
 10280 | D:10     | HP: 17/99 [wolf[Grum] (8)]
 10283 | D:10     | HP: 8/99 [wolf[Grum] (7)]
 10284 | D:10     | Slain by a wolf

Vanquished Creatures
  A two-headed ogre (D:9)
  Sigmund (D:6)
  A shadow (D:9)
  A yak (D:9)
  A wyvern (D:8)
  A steam dragon (D:8)
  Eustachio (D:4)
  2 water moccasins
  Duvessa (D:5)
  3 sky beasts
  Pargi (Sewer)
  A black bear (D:7)
  3 ogres
  2 phantoms
  4 centaurs
  5 kobold brigands
  2 scorpions
  7 bullfrogs
  A gnoll sergeant (D:6)
  15 wights
  Dowan (D:5)
  2 killer bees (D:8)
  A howler monkey (D:7)
  2 hounds
  2 gnoll shamans
  4 orc priests
  3 iguanas
  Ijyb (D:4)
  2 orc wizards
  17 gnolls
  15 adders
  A shadow imp (D:6)
  An ufetubus (D:6)
  A worm (D:2)
  3 dart slugs
  12 orcs
  10 ball pythons
  6 bats
  8 endoplasms
  5 giant cockroaches
  6 goblins
  13 hobgoblins
  3 jackals (D:2)
  24 kobolds
  6 quokkas
  4 frilled lizards
  8 rats
215 creatures vanquished.

Vanquished Creatures (others)
  4 plants (D:2)
4 creatures vanquished.

Grand Total: 219 creatures vanquished

Table legend:
 A = Non-vault XP
 B = Vault XP
 C = Vault XP percentage of total XP
 D = Non-vault monster count
 E = Vault monster count
 F = Vault count percentage of total count
                 A         B        C        D         E       F
            +---------+---------+-------+---------+---------+-------
      Total |    6632 |    2764 |  29.4 |     177 |      40 |  18.4
            +---------+---------+-------+---------+---------+-------
        D:1 |      45 |       0 |   0.0 |      26 |       0 |   0.0
        D:2 |      51 |       6 |  10.5 |      13 |       4 |  23.5
        D:3 |     110 |      12 |   9.8 |      22 |       8 |  26.7
        D:4 |     111 |     221 |  66.6 |      17 |       2 |  10.5
        D:5 |     433 |     214 |  33.1 |       8 |       2 |  20.0
        D:6 |    1652 |     226 |  12.0 |      39 |       1 |   2.5
        D:7 |    1305 |      91 |   6.5 |      17 |       2 |  10.5
        D:8 |    1469 |    1646 |  52.8 |      19 |      12 |  38.7
        D:9 |    1456 |     181 |  11.1 |      16 |       2 |  11.1
      Sewer |       0 |     167 | 100.0 |       0 |       7 | 100.0
            +---------+---------+-------+---------+---------+-------

Illustrated notes

Table legend:
 A = Kills in this place as a percentage of kills in entire the game.
 B = Kills by you in this place as a percentage of kills by you in the entire game.
 C = Kills by friends in this place as a percentage of kills by friends in the entire game.
 D = Other kills in this place as a percentage of other kills in the entire game.
 E = Experience gained in this place as a percentage of experience gained in the entire game.
 F = Experience gained in this place divided by the number of levels of this place that you have seen.
                   A       B       C       D       E      F
               +-------+-------+-------+-------+-------+----------------------
         Total | 100.0 | 100.0 |   N/A | 100.0 | 100.0 | 722.8
       Dungeon |  96.8 |  96.7 |   N/A | 100.0 |  98.2 | 922.9
         Sewer |   3.2 |   3.3 |   N/A |   0.0 |   1.8 | 167.0
               +-------+-------+-------+-------+-------+----------------------

Table legend: (Time is in decaauts)
 A = Elapsed time spent in this place.
 B = Non-inter-level travel time spent in this place.
 C = Inter-level travel time spent in this place.
 D = Time resting spent in this place.
 E = Time spent auto-exploring this place.
 F = Levels seen in this place.
 G = Mean time per level.
                   A        B        C        D        E       F      G
               +--------+--------+--------+--------+--------+-----+--------+
         Total |  10761 |  10456 |    305 |   1849 |   6587 |  13 |  827.8 |
       Dungeon |  10249 |   9944 |    305 |   1849 |   6306 |  10 | 1024.9 |
        Temple |      1 |      1 |      0 |      0 |      0 |   1 |    1.0 |
         Abyss |     84 |     84 |      0 |      0 |     18 |   1 |   84.0 |
         Sewer |    426 |    426 |      0 |      0 |    263 |   1 |  426.0 |
               +--------+--------+--------+--------+--------+-----+--------+

Top non-repeatable levels by time:
     D:6: 2178 daAuts
     D:8: 1369 daAuts
     D:1: 1333 daAuts
     D:5: 1180 daAuts
     D:7: 1142 daAuts
     D:4: 903 daAuts
     D:3: 882 daAuts
     D:9: 849 daAuts
   Sewer: 426 daAuts
     D:2: 396 daAuts
 Abyss:1: 84 daAuts
    D:10: 12 daAuts
  Temple: 1 daAuts
